Cogmind - Beta 13 @@@ ROGUE MODE // 2024.07.15 @ 09:26:32 Player: Triffids Result: Destroyed by YI-UF0 with YI-UF0's Doublenader Performance ------------- Evolutions (0) 0 Regions Visited (4) 800 Robots Destroyed (3) 15 Value Destroyed (88) 88 Prototype IDs (23) 460 Alien Tech Used (0) 0 Bonus (300) 300 TOTAL SCORE: 1663 Bonus ------- Aligned with FarCom 300 Cogmind --------- Core Integrity 0/250 Matter 300/300 Energy 100/100 System Corruption 0% Temperature Warning (319) Movement Walking (190) Ox1 Location -9/Mines Parts ------- > --- POWER (1) -------- (None) > --- PROPULSION (2) --- Aluminum Leg > --- UTILITY (2) ------ Medium Storage Unit Seismic Detector > --- WEAPON (2) ------- Particle Gun Particle Gun > --- INVENTORY (10) --- Light Nuclear Core Aluminum Leg Aluminum Leg Improved Heat Sink Large Battery (200) Large Matter Pod (150) Terrain Scanner Terrain Scan Processor Longsword +1 Peak State ------------ > --- POWER ------------ Ion Engine > --- PROPULSION ------- Aluminum Leg Aluminum Leg > --- UTILITY ---------- Medium Storage Unit Seismic Detector > --- WEAPON ----------- Particle Gun Heavy Assault Rifle > --- INVENTORY -------- Light Nuclear Core Aluminum Leg Aluminum Leg Improved Heat Sink Large Battery Large Matter Pod Assault Rifle Assault Rifle Longsword +1 [Rating: 11] Favorites ----------- Power Ion Engine Engine Ion Engine Propulsion Aluminum Leg Leg Aluminum Leg Utility Seismic Detector Device Seismic Detector Storage Small Storage Unit Weapon Assault Rifle Energy Gun Particle Gun Ballistic Gun Assault Rifle Build | -11 -10 -10 -10 -9 ------- Run | Yrd Mat Min Exi Min Slots Evolved . | . . . . . Power . | . . . . . Propulsion . | . . . . . Utility . | . . . . . Weapon . | . . . . . Parts Attached 11 | 7 . 1 1 2 Power 1 | 1 . . . . Engine 1 | 1 . . . . Core . | . . . . . Reactor . | . . . . . Propulsion 2 | 2 . . . . Treads . | . . . . . Leg 2 | 2 . . . . Wheel . | . . . . . Hover . | . . . . . Flight . | . . . . . Utility 3 | 2 . . 1 . Device 1 | 1 . . . . Storage 2 | 1 . . 1 . Processor . | . . . . . Hackware . | . . . . . Protection . | . . . . . Artifact . | . . . . . Weapon 5 | 2 . 1 . 2 Energy Gun 2 | . . 1 . 1 Energy Cannon . | . . . . . Ballistic Gun 3 | 2 . . . 1 Ballistic Cannon . | . . . . . Launcher . | . . . . . Special Weapon . | . . . . . Impact Weapon . | . . . . . Slashing Weapon . | . . . . . Piercing Weapon . | . . . . . Special Melee Weapon . | . . . . . Unidentified Prototypes . | . . . . . Parts Lost 3 | . . . . 3 Power 1 | . . . . 1 Propulsion 1 | . . . . 1 Utility . | . . . . . Weapon 1 | . . . . 1 Highest Loss Streak 3 | . . . . 3 To Critical Strikes . | . . . . . Average Slot Usage (%) 100 | . 100 100 100 100 Engine 14 | . 14 14 14 14 Leg 28 | . 28 28 28 28 Device 14 | . 14 14 14 14 Storage 14 | . 14 14 14 14 Energy Gun 11 | . . 10 14 14 Ballistic Gun 16 | . 28 17 14 13 Naked Turns . | . . . . . Heaviest Build 22 | 15 15 16 21 22 Greatest Support 20 | 20 20 20 20 20 Greatest Overweight (x) 1 | 1 . . 1 1 Average Overweight (x) . | . . . . 1 Largest Inventory Capacity 10 | 8 8 8 10 10 Average Capacity 8 | 7 8 8 9 10 Most Carried 10 | 5 7 8 9 10 Average Carried 7 | 2 5 7 8 9 Final Capacity 10 | 8 8 8 10 10 Final Carried 9 | 2 7 8 8 9 Class Distribution -------------------- 100% | Mutant Dominant Class ---------------- Mutant | -10/Materials Mutant | -10/Mines Mutant | -10/Exiles Mutant | -9/Mines Resources | -11 -10 -10 -10 -9 ----------- Run | Yrd Mat Min Exi Min Matter Collected 472 | 219 . 105 138 10 Remotely . | . . . . . Salvage Created 133 | 28 . 105 . . Parts 9 | 1 . 8 . . Haulers Intercepted . | . . . . . Recyclers Shooed . | . . . . . Parts Field Recycled . | . . . . . Retrieved Matter . | . . . . . Parts Self-Destructed . | . . . . . Prevented . | . . . . . Kills | -11 -10 -10 -10 -9 ------- Run | Yrd Mat Min Exi Min Combat Hostiles Destroyed 2 | . . 2 . . Guns 2 | . . 2 . . Classes Destroyed 2 | 1 . 1 . . Tunneler 1 | 1 . . . . Grunt 2 | . . 2 . . Best Kill Streak 2 | 1 . 2 . . Combat Bots Only 2 | . . 2 . . Max Kills in Single Turn 1 | 1 . 1 . . Gunslinging . | . . . . . Exploded . | . . . . . Melee . | . . . . . Uniques/NPCs Destroyed . | . . . . . Combat | -11 -10 -10 -10 -9 -------- Run | Yrd Mat Min Exi Min Hostile Shots Fired 40 | . 7 11 . 22 Missed 12 | . 2 2 . 8 Damage Taken 700 | . 38 127 . 535 Core 256 | . 13 40 . 203 Absorbed by Shields . | . . . . . Core Remaining (%) 100 | 100 . . . . Volleys Fired 18 | 2 4 6 . 6 Largest 2 | 2 2 2 . 2 Hottest 130 | 40 40 40 . 130 Shots Fired 36 | 4 8 12 . 12 Gun 36 | 4 8 12 . 12 Cannon . | . . . . . Launcher . | . . . . . Special . | . . . . . Kinetic 25 | 4 8 12 . 1 Thermal 11 | . . . . 11 Explosive . | . . . . . Electromagnetic . | . . . . . Robot Hit Streak 10 | 2 10 5 . 4 Robot Miss Streak 2 | 1 . 1 . 2 Penetration Max . | . . . . . Secondary Targets . | . . . . . Shots Hit Robots 27 | 2 8 9 . 8 Core Hits 11 | 1 . 5 . 5 Critical Kills . | . . . . . Critical Parts Destroyed . | . . . . . Critical Strikes . | . . . . . Melee Attacks . | . . . . . Impact . | . . . . . Slashing . | . . . . . Piercing . | . . . . . Sneak Attacks . | . . . . . Combat Hostiles . | . . . . . Follow-up Attacks . | . . . . . Damage Inflicted 355 | 24 98 111 . 122 Guns 354 | 24 98 111 . 121 Cannons . | . . . . . Explosions . | . . . . . Melee . | . . . . . Ramming 1 | . . . . 1 Kinetic 246 | 24 98 111 . 13 Thermal 108 | . . . . 108 Explosive . | . . . . . Electromagnetic . | . . . . . Impact . | . . . . . Slashing . | . . . . . Piercing . | . . . . . Highest Corruption . | . . . . . Average Corruption . | . . . . . Corruption Purged . | . . . . . Corruption Blocked . | . . . . . Overload Shots . | . . . . . Overflow Damage . | . . . . . Projectiles . | . . . . . Explosions . | . . . . . Melee . | . . . . . Knockbacks . | . . . . . Impact . | . . . . . Kinetic . | . . . . . Secondary . | . . . . . Self-Inflicted Damage . | . . . . . Shots . | . . . . . Rammed . | . . . . . Targets Rammed 1 | . . . . 1 Kicked 1 | . . . . 1 Crushed . | . . . . . Highest Temperature 319 | . . 9 . 319 Average Temperature 95 | . . 3 . 142 Received Heat Transfer 75 | . . 75 . . Siege Activations . | . . . . . Robots Corrupted . | . . . . . Combat Hostiles . | . . . . . Parts Fried . | . . . . . Impact Corruptions . | . . . . . Robots Melted . | . . . . . Combat Hostiles . | . . . . . Parts Melted . | . . . . . Heat Transferred 259 | . . . . 259 Parts Sabotaged . | . . . . . Parts Stolen . | . . . . . Parts Stripped . | . . . . . Power Chain Reactions . | . . . . . Alert | -11 -10 -10 -10 -9 ------- Run | Yrd Mat Min Exi Min Peak Influence 63 | 5 34 63 . 15 Initial 13 | . 3 13 . . Average 18 | . 16 58 . . Maximum Alert Level . | . . . . . Low Security (%) 100 | 100 100 100 . 100 Level 1 . | . . . . . Level 2 . | . . . . . Level 3 . | . . . . . Level 4 . | . . . . . Level 5 . | . . . . . High Security . | . . . . . Max Security . | . . . . . Squads Dispatched 1 | . 1 . . . Investigation . | . . . . . Extermination . | . . . . . Reinforcement 1 | . 1 . . . Assault . | . . . . . Garrison . | . . . . . Intercept . | . . . . . Searches Triggered . | . . . . . Construction Impeded . | . . . . . Haulers Reinforced . | . . . . . Active Scanning Responses . | . . . . . Cargo Convoy Interrupts . | . . . . . Stealth | -11 -10 -10 -10 -9 --------- Run | Yrd Mat Min Exi Min Distress Signals . | . . . . . Communications Jammed . | . . . . . Distress Signals . | . . . . . Times Spotted 9 | . 6 2 . 1 Peak Tracking Total 4 | . 4 2 . 1 Tactical Retreats . | . . . . . Traps | -11 -10 -10 -10 -9 ------- Run | Yrd Mat Min Exi Min Traps Triggered . | . . . . . Indirectly . | . . . . . Trap Hack Attempts . | . . . . . Triggered . | . . . . . Disarmed . | . . . . . Reprogrammed . | . . . . . Reused . | . . . . . Traps Extracted . | . . . . . Installed . | . . . . . Triggered . | . . . . . Machines | -11 -10 -10 -10 -9 ---------- Run | Yrd Mat Min Exi Min Machines Disabled . | . . . . . Max in Single Turn . | . . . . . Machines Repaired . | . . . . . Machines Dismantled . | . . . . . Machines Sabotaged . | . . . . . Overloaded Fab Kills . | . . . . . Hacking | -11 -10 -10 -10 -9 --------- Run | Yrd Mat Min Exi Min Machines Accessed 4 | . 2 . 2 . Terminals 2 | . 2 . . . Fabricators . | . . . . . Repair Stations . | . . . . . Recycling Units . | . . . . . Scanalyzers . | . . . . . Garrison Access . | . . . . . Total Hacks 11 | . 9 . 2 . Successful 8 | . 6 . 2 . Failed 3 | . 3 . . . Catastrophic . | . . . . . Database Lockouts . | . . . . . Manual 7 | . 6 . 1 . Terminals 9 | . 9 . . . Fabricators . | . . . . . Repair Stations . | . . . . . Recycling Units . | . . . . . Scanalyzers . | . . . . . Garrison Access . | . . . . . Terminal Hacks 5 | . 3 . 2 . Record 1 | . . . 1 . Branch Access Points 1 | . 1 . . . Locate Traps 1 | . 1 . . . Zone Layout 1 | . 1 . . . Derelict Proto ID Bank 1 | . . . 1 . Fabricator Hacks . | . . . . . Repair Station Hacks . | . . . . . Recycling Unit Hacks . | . . . . . Scanalyzer . | . . . . . Garrison Access Hacks . | . . . . . Unauthorized Hacks 3 | . 3 . . . Terminals 3 | . 3 . . . Track 1 | . 1 . . . Botnet 2 | . 2 . . . Fabricators . | . . . . . Repair Stations . | . . . . . Recycling Units . | . . . . . Scanalyzers . | . . . . . Garrison Access . | . . . . . Data Cores Recovered . | . . . . . Used . | . . . . . Hacking Detections 2 | . 2 . . . Full Trace Events . | . . . . . Feedback Events . | . . . . . Feedback Blocked . | . . . . . Robot Schematics Acquired . | . . . . . Robots Built . | . . . . . Authchips . | . . . . . Time . | . . . . . Total Robot Build Rating . | . . . . . Part Schematics Acquired . | . . . . . Parts Built . | . . . . . Authchips . | . . . . . Time . | . . . . . Total Part Build Rating . | . . . . . Parts Repaired . | . . . . . Time . | . . . . . Parts Recycled . | . . . . . Recycled Matter . | . . . . . Retrieved Matter . | . . . . . Retrieved Components . | . . . . . Parts Scanalyzed . | . . . . . Part Schematics Acquired . | . . . . . Parts Damaged . | . . . . . Bothacking | -11 -10 -10 -10 -9 ------------ Run | Yrd Mat Min Exi Min Used RIF Installer . | . . . . . Robots Hacked . | . . . . . Non-combat . | . . . . . Combat . | . . . . . Robot Hacks Applied . | . . . . . Relay Couplers Released . | . . . . . Fabnet Peak Effective % . | . . . . . Robots Rewired . | . . . . . Allies Hacked . | . . . . . Hacks Repelled . | . . . . . Allies | -11 -10 -10 -10 -9 -------- Run | Yrd Mat Min Exi Min Total Allies . | . . . . . Largest Group . | . . . . . Highest-Rated Group . | . . . . . Highest-Rated Ally . | . . . . . Total Orders . | . . . . . Ally Attacks . | . . . . . Total Damage . | . . . . . Kills . | . . . . . Allies Corrupted . | . . . . . Allies Melted . | . . . . . Intel | -11 -10 -10 -10 -9 ------- Run | Yrd Mat Min Exi Min Robot Analysis Total . | . . . . . Derelict Logs Recovered 1 | . . 1 . . Drone Launches . | . . . . . Drone Recoveries . | . . . . . Exploration | -11 -10 -10 -10 -9 ------------- Run | Yrd Mat Min Exi Min Turns Passed 1395 | 59 227 150 701 258 Spaces Moved 848 | 39 126 104 460 119 Core 19 | 19 . . . . Treads . | . . . . . Legs 829 | 20 126 104 460 119 Wheels . | . . . . . Hover . | . . . . . Flight . | . . . . . Fastest Speed 50 | 50 120 120 120 190 Average Speed 146 | 98 120 120 151 190 Slowest Speed 190 | 120 120 120 190 190 Overloaded Moves . | . . . . . Propulsion Burnouts . | . . . . . Robots Hopped . | . . . . . Cave-ins Triggered . | . . . . . Exploration Rate (%) 37 | 4 36 24 92 29 Regions Visited 4 Branch Regions 3 Pre-discovered Areas 1 | . . 1 . . Known Exits Taken 1 | . 1 . . . Unknown Exits Taken 3 | 1 . 1 1 . Scrap Searched 3 | . . . . 3 Spaces Dug . | . . . . . Terrain Destroyed . | . . . . . Melee . | . . . . . Projectile . | . . . . . AOE . | . . . . . Terrain Rammed . | . . . . . Walls Destroyed . | . . . . . Machines Disabled . | . . . . . Actions | -11 -10 -10 -10 -9 --------- Run | Yrd Mat Min Exi Min Total 970 | 53 194 119 465 139 Wait 66 | 1 60 . . 5 Move 844 | 38 125 103 459 119 Hop . | . . . . . Pick Up 21 | 5 5 5 2 4 Fast Attach 4 | 4 . . . . Attach 4 | 3 . . . 1 Detach . | . . . . . Swap 3 | . . 1 1 1 Drop 9 | . . 4 3 2 Fire 18 | 2 4 6 . 6 Melee . | . . . . . Ram . | . . . . . Kick 1 | . . . . 1 Crush . | . . . . . Escape Stasis . | . . . . . Rewire . | . . . . . Trap . | . . . . . Miscellaneous . | . . . . . Route ------- -11/Scrapyard -10/Materials -10/Mines -10/Exiles (discovered 2 exits: [*Min x2]) -9/Mines History --------- Turn | Location | Event 24 | -11/Scrapyard | Discovered new exit (range 15) 60 | -11/Scrapyard | Entered Materials 174 | -10/Materials | Identified exit to Mines 287 | -10/Materials | Entered Mines 304 | -10/Mines | Build established: Mutant 377 | -10/Mines | Learned location of Storage (-9) 431 | -10/Mines | Deemed a non-threat by the Exiles lab entrance 432 | -10/Mines | Discovered new exit (range 5) 437 | -10/Mines | Entered Exiles 455 | -10/Exiles | Discovered new exit (range 14) 473 | -10/Exiles | Met 8R-AWN 495 | -10/Exiles | Met EX-HEX 531 | -10/Exiles | Met EX-BIN 547 | -10/Exiles | Aligned with FarCom system 548 | -10/Exiles | Given EX-Vault access code 580 | -10/Exiles | Opened EX-Vault 589 | -10/Exiles | Found Longsword +1 639 | -10/Exiles | Warned to stay clear of 0b10 Research branches 675 | -10/Exiles | Met EX-DEC 830 | -10/Exiles | Visited The Gauntlet 1117 | -10/Exiles | Discovered new exit (range 12) 1138 | -10/Exiles | Left Exiles lab with Longsword +1 1138 | -10/Exiles | Entered Mines 1384 | -9/Mines | Core integrity fell below 50% 1395 | -9/Mines | Core integrity fell below 20% 1396 | -9/Mines | Destroyed by YI-UF0 with YI-UF0's Doublenader Last Messages --------------- 01347_ Found Tractor Beam. 01347_ Found Terrain Scanner. 01347_ Found 18 Matter. 01353_ Dropped Assault Rifle. 01354_ Acquired Terrain Scan Processor. 01356_ Dropped Assault Rifle. 01357_ Acquired Terrain Scanner. 01372_ U-05 Engineer lays Concrete. 01374_ U-05 Engineer builds a Wall. 01377_ YI-UF0: "WHOMP!" 01377_ U-05 Engineer destroyed. 01381_ Hvy. Assault Rifle destroyed. 01384_ The unstable cave ceiling collapses. 01385_ U-05 Engineer lays Concrete. 01390_ Aluminum Leg destroyed. 01391_ U-05 Engineer lays Concrete. 01393_ The unstable cave ceiling collapses. 01394_ U-05 Engineer lays Concrete. 01394_ Ion Engine destroyed. 01395_ U-05 Engineer lays Concrete. Map ----- +----------------------------------------------------+ | ??????????????????????## #?# #???? | | ?????????????????????## #?# ####?? | | ????????????????????## #?# ## ##? | | ????????????????????# #?# ## #? | | ????????????????????# ##?# #### #? | | ????????????????????## ##### ##??# ##? | | ?????????????????????## ###???## #?? | | ??????????????????????## ###### ## ##??????# ##? | | ???????????????????????###????# ## #??????## #? | | ??????????????????????????????# ## #####?## #? | | ??????????????????????????????# ## ## ### ## | | ??????????????????????????????# # | | ??????????????????????????????# """ # | | ????????????????????#?????????###### """ # | | ???????????????????? ??????????????### """ # | | ???????????????????? ?????????##?????# # | | ???????????????????# #??????## #????## ## ## | | ???????????????????# #??#### ###### ## %#####? | | ??????????????????## #??# ###%%#????? | | ??????????????????# #### ###### ##?# #????? | | ??????????????????# # #????###??# #????? | | ??????????????????# #?????????# #????? | | ??????????????????# #?????????# #????? | | ??????????????????# #?????????# #????? | | ??????????????????# #??????????# ????? | | ???????????????????#[[ @ #??????????# ????? | | ???????????????????## ##?????????? ????? | | ????????????????????# ????????? ???? | | ????????????????????## ####???????? #???? | | ?????????????????????# ??????????# ##???? | | ????????????????????? g #?????????####????? | | ???????????????????? #????????????????? | | ??????????????????? u #????????????????? | | ??????????????????r #???????????????? | | ????????????????? ## ???????????????? | | ???????????????? ##??# # ??????????????? | | ???????????????"" #?????# ##?????????????? | | ????????????????" #???????# = #??????????????? | | ?????????????????? ?????????## ????????????????? | | ?????????????????????????????????????????????????? | | ?????????????????????????????????????????????????? | | ?????????????????????????????????????????????????? | | ?????????????????????????????????????????????????? | | ?????????????????????????????????????????????????? | | ?????????????????????????????????????????????????? | | ?????????????????????????????????????????????????? | | ?????????????????????????????????????????????????? | | ?????????????????????????????????????????????????? | | ?????????????????????????????????????????????????? | | ?????????????????????????????????????????????????? | +----------------------------------------------------+ Best States ------------- Heat Dissipation 25 Energy Generation 10 Energy Capacity 250 Matter Stores 300 Matter Capacity 300 Sight Range 16 Terrain Scan Density 10 Evasion (%) 55 Item Schematics ----------------- None Robot Schematics ------------------ None Fabricated ------------ Nothing Alien Tech Used ----------------- None Achievements -------------- None Challenges ------------ None Game ------ Seed ReactiveAngularFrame Manual? 0 Play Time 00:19:00 Cumulative 203.8 hours Start 2024.07.15 @ 09:02:18 End 2024.07.15 @ 09:26:32 Sessions 1 Manual Loads 0 Difficulty Rogue Special Mode None Game No. 327 Rogue 327 Adventurer 0 Explorer 0 Win Type - Total 1 Types 1/0/0/0/0/0/0/0/0 Lore% 45 Gallery% 54 Achievement% 38 Wizard Run 0 Options --------- Layout 1 ASCII 0 Keyboard 1 Movement Vi Keybinds 0 Fullscreen 0 Font 20/SmallcapsGlow Map View 59x39 Zoom Use 0% Tactical HUD 1 Map Filters NONE Filters NONE Steam 1 RUN: aa6b50f1-a590-4b39-b907-e6316f7465d0